 Dungeon Crawl Stone Soup version 0.17.0-28-g6e173f8 (webtiles) character file.

2108 ventricule the Protected (level 9, -4/105 HPs)
             Began as a Hill Orc Assassin on Nov 24, 2015.
             Was an Initiate of Cheibriados.
             Slain by an orc warrior
             ... wielding a +0 mace of protection
              (5 damage)
             ... on level 6 of the Dungeon.
             The game lasted 00:16:28 (6319 turns).

ventricule the Protected (Hill Orc Assassin)        Turns: 6319, Time: 00:16:28

Health: -4/105     AC: 29    Str: 15    XL:     9   Next: 28%
Magic:  9/9        EV:  2    Int: 12    God:    Cheibriados [......]
Gold:   241        SH:  0    Dex: 18    Spells: 1 memorised, 6 levels left

rFire  . . .     SeeInvis .     n - +0 hand axe (freeze)
rCold  . . .     Clarity  .     (armour currently unavailable)
rNeg   + + +     SustAt   .     (no shield)
rPois  +         Gourm    .     (helmet currently unavailable)
rElec  .         Spirit   .     (cloak currently unavailable)
rCorr  .         Warding  .     (gloves currently unavailable)
rMut   +         NoTele   +     (boots currently unavailable)
MR     .....                    B - amulet of resist mutation
Stlth  +++.......               A - +5 ring of protection
                                q - +2 ring of dexterity

@: tree-form, very slow, not resistant to hostile enchantments, fairly stealthy
A: no striking features
a: Bend Time, Renounce Religion


You were on level 6 of the Dungeon.
You worshipped Cheibriados.
Cheibriados was noncommittal.
You were very hungry.
You were a tree.
You visited 2 branches of the dungeon, and saw 7 of its levels.

You collected 241 gold pieces.


   Skills:
 - Level 3.2 Fighting
 - Level 2.0 Short Blades
 + Level 0.3 Axes
 - Level 1.7 Throwing
 - Level 8.8 Armour
 - Level 7.0 Dodging
 - Level 3.2 Stealth
 + Level 1.9 Shields


You had 6 spell levels left.
You knew the following spells:

 Your Spells              Type           Power        Failure   Level  Hunger
d - Repel Missiles        Chrm/Air       #.....       52%         2    ###....

Inventory:

Hand Weapons
 a - a +2 dagger
 b - a +0 blowgun
 n - a +0 hand axe of freezing (weapon)
 v - a +3 quarterstaff of chaos
Missiles
 e - 18 poisoned needles
 y - a needle of slowing
Armour
 c - a +0 robe
 d - a +0 cloak
 k - a +0 buckler
 o - a +0 scale mail
 r - a +2 helmet (melded)
 s - a +0 chain mail (melded)
 u - a +1 cloak of invisibility (melded)
Jewellery
 q - a +2 ring of dexterity (left branch)
 A - a +5 ring of protection (right branch)
 B - an amulet of resist mutation (around neck)
 C - an uncursed ring of stealth
 D - an uncursed ring of see invisible
Wands
 F - a wand of polymorph (8)
Scrolls
 h - a scroll of immolation {!r}
 t - 2 scrolls of teleportation {@r4}
 w - a scroll of remove curse
 H - a scroll of enchant armour {unknown}
Potions
 i - a potion of brilliance
 j - a potion of magic
 l - a potion of might
 m - a potion of agility
 z - a potion of poison {!q}
 E - 2 potions of degeneration {unknown}
Books
 G - a book of Air

   Spells                             Type                      Level
   a - Shock                          Conjuration/Air              1
   b - Swiftness                      Charms/Air                   2
   c - Repel Missiles                 Charms/Air                   2
   d - Static Discharge               Conjuration/Air              3
   e - Lightning Bolt                 Conjuration/Air              5
Comestibles
 g - 5 bread rations
 p - 7 meat rations

Dungeon Overview and Level Annotations

Branches:
Dungeon (6/15)             Temple (1/1) D:6

Altars:
Ashenzari
Cheibriados
Elyvilon
Fedhas
Gozag
Kikubaaqudgha
Makhleb
Nemelex Xobeh
Ru
Sif Muna
Trog
Vehumet
Xom
Yredelemnul
Zin
The Shining One

Shops:
D:5

% ▒▒...▒▒.▒▒ ▒..▒......
▒....▒.▒▒▒▒▒▒
▒.▒.▒...▒▒▒.▒ ▒▒▒
▒.▒.......▒.▒ ▒.▒
▒.▒.....▒.▒.▒▒▒.▒
▒▒▒...............▒
.......▒.▒▒▒▒.▒▒▒▒▒▒▒▒..
▒▒▒.▒▒▒▒.▒ ▒...♣oo..(▒
▒.▒ ▒.▒ ▒▒▒▒▒▒▒▒▒...
▒.▒▒▒▒.▒ ▒......▒
▒▒▒▒▒▒▒▒


You could see an orc warrior and an orc.


Message History

You hit the orc warrior. You freeze the orc warrior.
The orc warrior is heavily wounded.
The orc warrior misses you.
You hit the orc warrior but do no damage.
The orc warrior is heavily wounded.
The orc warrior hits you but does no damage.
You hit the orc warrior. You freeze the orc warrior.
The orc warrior is severely wounded.
The orc warrior closely misses you.
You hit the orc warrior. You freeze the orc warrior.
The orc warrior is severely wounded.
The orc warrior looks more healthy.
The orc warrior hits you with a mace of protection!
* * * LOW HITPOINT WARNING * * *
You hit the orc warrior but do no damage.
The orc warrior is almost dead.
The orc warrior hits you with a mace of protection.
* * * LOW HITPOINT WARNING * * *
Drink which item? (? for menu, Esc to quit)
Really quaff
x - a potion of lignification {!q}?
You turn into a tree.
Your roots penetrate the ground.
The orc warrior hits you but does no damage.
You barely miss the orc warrior.
The orc warrior is almost dead.
The orc warrior hits you with a mace of protection.
* * * LOW HITPOINT WARNING * * *
You hit the orc warrior but do no damage.
The orc warrior is almost dead.
The orc warrior hits you with a mace of protection.
You die...

Action                   |  1- 3 |  4- 6 |  7- 9 || total
-------------------------+-------+-------+-------++-------
Melee: Dagger            |   115 |    43 |    81 ||   239
       Quarterstaff      |       |   117 |   269 ||   386
       Hand axe          |       |       |    29 ||    29
 Fire: Blowgun           |     3 |    10 |    14 ||    27
  Use: Scroll            |       |     1 |    12 ||    13
       Potion            |       |       |     3 ||     3
 Stab: Sleeping          |     4 |       |       ||     4
       Paralysed         |       |     1 |       ||     1
       Petrifying        |       |       |     1 ||     1
       Petrified         |       |       |     1 ||     1
  Eat: Chunk             |     1 |     5 |    11 ||    17

Vault maps used:
D:1:      evilmike_arrival_rings
D:2:      nicolae_overflow_hidden_temple, old_standard_altar,
          grunt_ministairs_10, serial_bayou_pond_a, uniq_crazy_yiuf_cottage,
          uniq_robin
D:3:      tso_oasis_becter, minmay_misc_feat_nine_boxes, grunt_decor_clamped
D:4:      kennysheep_mini_moat, lemuel_coloured_pillars_altar,
          kennysheep_little_box, nicolae_ru_the_path_less_chosen, uniq_duvessa
D:5:      first_bread, serial_shops, shop, uniq_sigmund
D:6:      nicolae_overflow_crystal_walls, minmay_temple_entry_glassed_door,
          kennysheep_generic_room_3
Temple:   nicolae_temple_no_exploring_needed

Notes
Turn   | Place    | Note
--------------------------------------------------------------
     0 | D:1      | ventricule the Hill Orc Assassin began the quest for the Orb.
     0 | D:1      | Reached XP level 1. HP: 18/18 MP: 1/1
    62 | D:1      | Reached skill level 1 in Dodging
   179 | D:1      | Reached XP level 2. HP: 15/25 MP: 2/2
   517 | D:1      | Reached skill level 3 in Fighting
   517 | D:1      | Reached skill level 1 in Armour
   691 | D:1      | Reached XP level 3. HP: 31/31 MP: 3/3
  1213 | D:2      | Reached skill level 1 in Shields
  1371 | D:2      | Noticed Robin
  1402 | D:2      | Killed Robin
  1402 | D:2      | Reached XP level 4. HP: 25/38 MP: 4/4
  1405 | D:2      | Reached skill level 2 in Armour
  1581 | D:2      | Noticed Crazy Yiuf
  1589 | D:2      | Killed Crazy Yiuf
  1589 | D:2      | Reached skill level 2 in Dodging
  1758 | D:2      | Found a glowing silver altar of Zin.
  1765 | D:2      | Reached XP level 5. HP: 41/45 MP: 5/5
  1822 | D:2      | Found a sparkling altar of Nemelex Xobeh.
  2156 | D:2      | Reached skill level 3 in Armour
  2375 | D:3      | Noticed a centaur
  2386 | D:3      | Noticed an ogre
  2395 | D:3      | Killed an ogre
  2395 | D:3      | Reached skill level 3 in Dodging
  2395 | D:3      | Reached XP level 6. HP: 18/51 MP: 6/6
  2485 | D:2      | Found a deep blue altar of Sif Muna.
  2485 | D:2      | Found a sacrificial altar of Ru.
  2612 | D:3      | Killed a centaur
  2612 | D:3      | Reached skill level 4 in Armour
  2851 | D:3      | Reached XP level 7. HP: 48/57 MP: 7/7
  3173 | D:3      | Reached skill level 5 in Armour
  3191 | D:3      | Found a glowing golden altar of the Shining One.
  3490 | D:4      | Reached skill level 4 in Dodging
  3616 | D:4      | Noticed Duvessa
  3620 | D:4      | Noticed Dowan
  3630 | D:4      | Killed Duvessa
  3720 | D:4      | Found a bloodstained altar of Trog.
  3781 | D:4      | Found a sacrificial altar of Ru.
  3807 | D:4      | Killed Dowan
  3807 | D:4      | Reached skill level 6 in Armour
  3897 | D:4      | Reached XP level 8. HP: 24/63 MP: 8/8
  4201 | D:4      | Reached skill level 5 in Dodging
  4294 | D:4      | Found an ancient bone altar of Kikubaaqudgha.
  4339 | D:4      | Found a shimmering altar of Xom.
  4531 | D:5      | Entered Level 5 of the Dungeon
  4891 | D:5      | Reached skill level 7 in Armour
  4911 | D:5      | Noticed Sigmund
  4918 | D:5      | Killed Sigmund
  4976 | D:5      | Reached skill level 6 in Dodging
  5185 | D:5      | Found Weis's Food Emporium.
  5346 | D:5      | Reached skill level 8 in Armour
  5537 | D:6      | Reached XP level 9. HP: 62/70 MP: 9/9
  5698 | D:6      | Found a staircase to the Ecumenical Temple.
  5732 | Temple   | Entered the Ecumenical Temple
  5739 | Temple   | Became a worshipper of Cheibriados the Contemplative
  5844 | D:6      | HP: 9/105 [giant frog (3)]
  5849 | D:6      | HP: 10/105 [giant frog (4)]
  5855 | D:6      | HP: 6/105 [giant frog (5)]
  5859 | D:6      | HP: 2/105 [orc/hand axe of freezing (1)]
  5981 | D:6      | Reached skill level 7 in Dodging
  6254 | D:6      | Learned a level 2 spell: Repel Missiles
  6316 | D:6      | HP: 4/70 [orc warrior/mace of protection (6)]
  6318 | D:6      | HP: 1/105 [orc warrior/mace of protection (6)]
  6319 | D:6      | Slain by an orc warrior

Vanquished Creatures
  Sigmund (D:5)
  2 orc warriors
  Duvessa (D:4)
  2 sky beasts
  2 ogres
  3 centaurs
  A giant frog (D:6)
  Dowan (D:4)
  A scorpion (D:5)
  A giant frog zombie (D:6)
  A hound (D:5)
  2 crimson imps (D:5)
  7 orc wizards
  Crazy Yiuf (D:2)
  4 orc priests
  An iguana (D:6)
  4 worker ants
  Robin (D:2)
  4 gnolls
  12 adders
  3 oozes
  3 worms
  21 orcs
  10 hobgoblins
  2 jackals (D:5)
  6 kobolds
  4 quokkas
  2 ball pythons
  10 bats
  A bat (shapeshifter) (D:4)
  8 giant cockroaches
  3 giant geckos
  2 giant gecko skeletons
  8 giant newts
  11 goblins
  5 rats
151 creatures vanquished.

Vanquished Creatures (collateral kills)
  An orc (D:4)
1 creature vanquished.

Grand Total: 152 creatures vanquished
